 Dungeon Crawl Stone Soup version 0.30.1-9-gdf580d7c3d (webtiles) character file.

Game seed: 8921806274919985481

1716 Ijustatesigmund the Digger (level 9, -3/51 HPs)
             Began as a Gargoyle Earth Elementalist on Oct 19, 2023.
             Shot with an arrow by a centaur (9 damage)
             ... on level 7 of the Dungeon.
             The game lasted 00:17:32 (9096 turns).

Ijustatesigmund the Digger (GrEE)                   Turns: 9096, Time: 00:17:32

Health: -3/51      AC: 13    Str: 18    XL:     9   Next: 4%
Magic:  3/16       EV: 12    Int: 20    God:
Gold:   175        SH:  0    Dex: 12    Spells: 10/18 levels left

rFire   . . .        d - +8 morningstar of War {heavy, rElec rC+ Dex+2 Stlth+}
rCold   + . .        (no shield)
rNeg    + . .        a - +0 robe
rPois   ∞            (no helmet)
rElec   +            (no cloak)
rCorr   .            s - +0 pair of gloves
SInv    .            (no boots)
Will    .....        (no amulet)
Stlth   +++          c - +4 ring of protection
HPRegen 0.28/turn    m - +6 ring of strength
MPRegen 0.15/turn

%: no passive effects
@: weak-willed
A: sickness immunity, AC +6, negative energy resistance 1, electricity
resistance, torment resistance 1, petrification resistance
a: no special abilities


You were on level 7 of the Dungeon.
You visited 2 branches of the dungeon, and saw 8 of its levels.

You collected 445 gold pieces.
You spent 270 gold pieces at shops.

Inventory:

Hand Weapons
 d - the +8 morningstar of War (weapon) {heavy, rElec rC+ Dex+2 Stlth+}
   (You bought it in a shop on level 7 of the Dungeon)

   Dex:       It affects your dexterity (+2).
   rC:        It protects you from cold.
   rElec:     It insulates you from electricity.
   Stlth:     It makes you more stealthy.
 r - a +0 mace of protection
Missiles
 f - 3 throwing nets
Armour
 a - a +0 robe (worn)
 s - a +0 pair of gloves (worn)
Jewellery
 c - a +4 ring of protection (left hand)
 m - a +6 ring of strength (right hand)
Wands
 k - a wand of polymorph (4)
 q - a wand of flame (15)
Scrolls
 h - a scroll of fog
 j - a scroll of noise
 l - a scroll of magic mapping
 w - a scroll of teleportation
Potions
 b - a potion of magic
 e - a potion of mutation {unknown}
 g - 2 potions of flight
 i - 5 potions of curing
 n - a potion of cancellation
 o - a potion of lignification
 p - 3 potions of brilliance {unknown}
 z - a potion of attraction {unknown}


   Skills:
 - Level 3.3 Fighting
 + Level 2.4 Maces & Flails
 - Level 1.5 Dodging
 - Level 2.1 Stealth
 + Level 5.2 Spellcasting
 + Level 5.2 Conjurations
 + Level 4.1 Translocations
 - Level 0.7 Transmutations
 + Level 7.5 Earth Magic


You had 10 spell levels left.
You knew the following spells:

 Your Spells              Type           Power      Damage    Failure   Level
a - Sandblast             Erth           70%        2d15      1%          1
b - Stone Arrow           Conj/Erth      60%        3d10      2%          3
c - Iskenderun's Mystic   Conj/Tloc      24%        2d7       16%         4

Your spell library contained the following spells:

 Spells                   Type           Power      Damage    Failure   Level
 Shock                    Conj/Air       60%        1d6       3%          1
 Passwall                 Tmut/Erth      17%        N/A       3%          2
 Volatile Blastmotes      Fire/Tloc      26%        2d12      14%         3
 Lee's Rapid Deconstruct  Erth           17%        3d11*     14%         5
 Petrify                  Tmut/Erth      21%        N/A       21%         4
 Swiftness                Air            5%         N/A       34%         3
 Fulminant Prism          Conj/Hex       7%         3d7       36%         4
 Airstrike                Air            2%         2d(1-17)  75%         4


Dungeon Overview and Level Annotations

Branches:
Dungeon (7/15)             Temple (1/1) D:4

Altars:
Ashenzari
Cheibriados
Dithmenos
Fedhas
Hepliaklqana
Kikubaaqudgha
Makhleb
Nemelex Xobeh
Okawaru
Qazlal
Ru
Sif Muna
Trog
Uskayaw
Wu Jian
Xom
Zin
Lugonu

Shops:
D:6 *   D:7 (

Portals:
Abyss: D:6
Bailey: D:7


Innate Abilities, Weirdness & Mutations

You are immune to sickness and miasma.
Your stone body is resilient. (AC +6)
You are immune to poison.
You resist negative energy. (rN+)
You are resistant to electric shocks. (rElec)
You are resistant to unholy torment.
You are immune to petrification.


Message History

Your butterfly is engulfed in poison gas.
Your butterfly is poisoned.
You kill your butterfly!
Your butterfly disappears in a burst of colours!
Your butterfly is engulfed in poison gas.
Your butterfly is poisoned.
You kill your butterfly!
Your butterfly disappears in a burst of colours!
Your butterfly is engulfed in poison gas.
Your butterfly is poisoned.
You kill your butterfly!
Your butterfly disappears in a burst of colours!
Your butterfly is engulfed in poison gas.
Your butterfly is poisoned.
You kill your butterfly!
Your butterfly disappears in a burst of colours!
The centaur shoots an arrow.
The arrow barely misses you. The arrow hits your butterfly.
Your butterfly dies!
Your butterfly disappears in a burst of colours!
Your butterfly is engulfed in poison gas.
Your butterfly looks even sicker.
You kill your butterfly!
Your butterfly disappears in a burst of colours!
Your butterfly is engulfed in poison gas.
Your butterfly is poisoned.
You kill your butterfly!
Your butterfly disappears in a burst of colours!
Your butterfly is engulfed in poison gas.
Your butterfly is poisoned.
You kill your butterfly!
Your butterfly disappears in a burst of colours!
Your butterfly is engulfed in poison gas.
Your butterfly is poisoned.
You kill your butterfly!
Your butterfly disappears in a burst of colours!
The centaur shoots an arrow.
The arrow hits you!
* * * LOW HITPOINT WARNING * * *
The centaur shoots an arrow.
The arrow hits you!
You die...

**...##...#...........
*,....##..#...........
*#**,....................
**..*,,......#............
*,..?,,...............####
**#...,,..##...######...#,
*#....,***#☼§### *.....
**......####○§§h## *..###
*,.......@#☼○§○h.# *,## *
*,..#....°§§°°gg†#***,****
****#..?§○☼§§○§g°§..,,**,*
*#..bbb§°☼○§☼○§#...#*,,,
#.....§☼§○○§§§§#.#..,,,,
#...b#☼○°☼§§§§○§..,.,,,,
**#....#..K.KK.≈≈~≈≈.,,,,,
*,..#.###......≈c..≈,,,,,,
*,,,#,* ##.....~.∩>~,,,,,,


You could see a kobold brigand (weak-willed), a centaur (weak-willed), 3 goblins
and 2 kobolds.

Vanquished Creatures
  A steam dragon (D:4)
  A sky beast (D:6)
  A black bear (D:6)
  A centaur (D:5)
  2 phantoms
  2 kobold brigands (D:6)
  4 scorpions
  3 howler monkeys
  2 hounds
  A jelly (D:6)
  An orc priest (D:6)
  3 sleepcaps
  2 gnoll boudas (D:5)
  4 iguanas
  4 orc wizards
  7 gnolls (D:5)
  5 adders
  2 ufetubi
  4 dart slugs
  12 orcs
  6 endoplasms
  4 giant cockroaches
  A goblin (D:1)
  9 hobgoblins
  3 jackals (D:1)
  5 quokkas
  2 ball pythons
  A bat (D:3)
  3 frilled lizards (D:1)
  16 kobolds
  7 rats
119 creatures vanquished.

Notes
Turn   | Place    | Note
-------+----------+-------------------------------------------
     0 | D:1      | Ijustatesigmund the Gargoyle Earth Elementalist began the
                  | quest for the Orb.
     0 | D:1      | Reached XP level 1. HP: 10/10 MP: 3/3
   181 | D:1      | Reached XP level 2. HP: 16/16 MP: 0/5
   342 | D:1      | Reached skill level 1 in Fighting
   429 | D:1      | Reached skill level 4 in Earth Magic
   520 | D:1      | Found a faded altar of an unknown god.
   558 | D:1      | Reached XP level 3. HP: 20/20 MP: 4/6
  1231 | D:2      | Learned a level 3 spell: Stone Arrow
  1542 | D:2      | Reached XP level 4. HP: 26/26 MP: 5/8
  1567 | D:2      | You fall into a shaft and drop 2 floors!
  2755 | D:4      | Noticed a phantom
  2761 | D:4      | Killed a phantom
  2762 | D:4      | Reached skill level 1 in Maces & Flails
  2762 | D:4      | Reached skill level 1 in Conjurations
  2762 | D:4      | Reached XP level 5. HP: 30/30 MP: 2/9
  2937 | D:4      | Found a staircase to the Ecumenical Temple.
  2959 | Temple   | Entered the Ecumenical Temple
  3422 | D:4      | Noticed Eustachio
  3450 | D:4      | Eustachio changed into Eustachio the steam dragon
  3450 | D:4      | Noticed Eustachio
  3495 | D:4      | Reached skill level 5 in Earth Magic
  3584 | D:4      | Reached XP level 6. HP: 35/35 MP: 6/11
  3924 | D:4      | Found a blossoming altar of Fedhas.
  4114 | D:5      | Entered Level 5 of the Dungeon
  4329 | D:4      | Killed Eustachio the steam dragon
  4330 | D:4      | Reached XP level 7. HP: 18/40 MP: 1/12
  4890 | D:5      | Reached skill level 6 in Earth Magic
  5744 | D:5      | Learned a level 4 spell: Iskenderun's Mystic Blast
  5839 | D:5      | Reached skill level 1 in Translocations
  6131 | D:5      | Reached XP level 8. HP: 42/46 MP: 7/14
  6374 | D:6      | Found a one-way gate to the infinite horrors of the Abyss.
  7117 | D:6      | Noticed a +0 dagger
  7118 | D:6      | Noticed a +0 dagger
  7284 | D:6      | Found a hide-covered altar of Uskayaw.
  7285 | D:6      | Found a large runed translucent door.
  7286 | D:6      | Found a large runed translucent door.
  7296 | D:6      | Found a corrupted altar of Lugonu.
  7581 | D:6      | Reached skill level 7 in Earth Magic
  7697 | D:6      | Reached skill level 5 in Spellcasting
  7851 | D:6      | Found Zin's Purification Station.
  7851 | D:6      | Found a glowing silver altar of Zin.
  7972 | D:6      | Reached skill level 5 in Conjurations
  9032 | D:7      | Found Winonk's Antique Weapon Shoppe.
  9038 | D:7      | Reached XP level 9. HP: 51/51 MP: 9/16
  9046 | D:7      | Bought an iridescent morningstar for 270 gold pieces
  9046 | D:7      | Identified the +8 morningstar of War {heavy, rElec rC+
                  | Dex+2 Stlth+} (You bought it in a shop on level 7 of the
                  | Dungeon)
  9092 | D:7      | Found a flagged portal.
  9096 | D:7      | Shot with an arrow by a centaur

Illustrated notes

Levels and vault maps discovered:
D:1:      wander_arrival_abandoned_jail, layout_loops_ring,
          ebering_ecumenical_altar_box, minmay_pentomino_z4
D:2:      layout_rooms, minivault_26, nicolae_kite_square_tiling_tiny
D:3:      layout_loops_corners, serial_rivers, chequers_serial_rivers_small_a,
          chequers_serial_rivers_micro_c, chequers_serial_rivers_room_b,
          chequers_serial_rivers_small_3, chequers_serial_rivers_small_3,
          chequers_serial_rivers_large_a, roderic_serpentine_path
D:4:      layout_loops_cross, lemuel_doored_altar,
          minmay_temple_entry_statues_pillars, nrook_mini_vaults, uniq_eustachio
D:5:      layout_loops_corners
D:6:      due_chaos_kobolds, layout_gridville, zin_purify,
          dancing_weapons_uskayaw, minmay_strange_pillars,
          minmay_misc_feat_enclosed
D:7:      wander_guarded_unrand_ratskin, layout_cave_pools,
          yredelemnul_forgotten_temple_becter, serial_shops,
          nicolae_take_the_stairs, nicolae_stop_n_shop_1, shop, enter_bailey_5
Temple:   nicolae_temple_superstar

Skill      XL: |  1  2  3  4  5  6  7  8 |
---------------+-------------------------+-----
Fighting       | 1 2 3 |  3.3
Earth Magic    | 4 5 6 7 |  7.5
Maces & Flails | 1 2 |  2.4
Spellcasting   | 3 4 5 |  5.2
Conjurations   | 1 2 3 4 5 |  5.2
Translocations | 1 4 |  4.1
Dodging        | |  1.5
Stealth        | |  2.1
Transmutations | |  0.7

Action                     |  1- 3 |  4- 6 |  7- 9 || total
---------------------------+-------+-------+-------++-------
  Melee: Club              |    10 |       |       ||    10
         Mace              |       |     5 |    52 ||    57
         Morningstar       |       |       |     5 ||     5
   Cast: Sandblast         |    55 |    30 |     8 ||    93
         Stone Arrow       |       |     7 |    85 ||    92
  Evoke: Wand              |       |     7 |     1 ||     8
    Use: Scroll            |       |    11 |     5 ||    16
         Potion            |       |     1 |     1 ||     2
 Armour: Robe              |     9 |    11 |    78 ||    98
  Dodge: Dodged            |    22 |    24 |    70 ||   116
